 Dungeon Crawl Stone Soup version 0.28.0-47-ge53b351184 (webtiles) character file.

Game seed: 7224409145091276762

7 GigaChad the Firebug (level 1, 0/14 HPs)
             Began as a Draconian Fire Elementalist on Apr 26, 2022.
             Slain by an endoplasm (3 damage)
             ... on level 1 of the Dungeon.
             The game lasted 00:01:36 (251 turns).

GigaChad the Firebug (Draconian Fire Elementalist)   Turns: 251, Time: 00:01:37

Health: 0/14       AC:  4    Str: 10    XL:     1   Next: 83%
Magic:  2/3        EV: 12    Int: 15    God:
Gold:   9          SH:  0    Dex: 11    Spells: 3/4 levels left

rFire   . . .      SeeInvis .   (no weapon)
rCold   . . .      Faith    .   (no shield)
rNeg    . . .      Spirit   .   (armour unavailable)
rPois   .          Reflect  .   (helmet restricted)
rElec   .          Harm     .   (no cloak)
rCorr   .          Rampage  .   (no gloves)
Will    .....                   (no boots)
Stlth   ++........              (no amulet)
HPRegen 0.04/turn               (no ring)
MPRegen 0.08/turn               (no ring)

@: no status effects
A: AC +4, unfitting armour, cold-blooded
a: no special abilities


You were on level 1 of the Dungeon.
You visited 1 branch of the dungeon, and saw 1 of its levels.

You collected 9 gold pieces.

Inventory:

Hand Weapons
 b - a +0 vampiric dagger
Scrolls
 d - a scroll of fear {unknown}
Potions
 a - a potion of curing {unknown}


   Skills:
 + Level 1.8 Dodging
 + Level 1.7 Stealth
 + Level 2.0 Spellcasting
 + Level 1.0 Conjurations
 + Level 3.4 Fire Magic


You had 3 spell levels left.
You knew the following spells:

 Your Spells              Type           Power      Damage    Failure   Level
a - Foxfire               Conj/Fire      32%        2x1d5     9%          1

Your spell library contained the following spells:

 Spells                   Type           Power      Damage    Failure   Level
 Scorch                   Fire           22%        2d6       9%          2
 Conjure Flame            Conj/Fire      8%         6-21      26%         3
 Inner Flame              Hex/Fire       6%         N/A       32%         3
 Flame Wave               Conj/Fire      8%         2d5       65%         4


Dungeon Overview and Level Annotations

Branches:
Dungeon (1/15)

Altars:


Innate Abilities, Weirdness & Mutations

Your plain brown scales are hard. (AC +4)
You cannot fit into any form of body armour.
You are cold-blooded and may be slowed by cold attacks.


Message History

Your foxfire dissipates!
The foxfire hits the endoplasm.
The endoplasm is moderately wounded.
You enter the shallow water.
Moving in this stuff is going to be slow.
The frilled lizard bites you.
* * * LOW HITPOINT WARNING * * *
You are too injured to fight recklessly!
The frilled lizard barely misses you. The endoplasm barely misses you.
You are too injured to fight recklessly!
The frilled lizard closely misses you. The endoplasm completely misses you.
Really attack while wielding nothing? [Y]es or [N]o only, please.
Really attack while wielding nothing? [Y]es or [N]o only, please.
Really attack while wielding nothing? [Y]es or [N]o only, please.
Really attack while wielding nothing? [Y]es or [N]o only, please.
Really attack while wielding nothing?
Okay, then.
Unknown command.
Unknown command.
Unknown command.
Unknown command.
Really attack while wielding nothing? [Y]es or [N]o only, please.
Really attack while wielding nothing? [Y]es or [N]o only, please.
Really attack while wielding nothing?
You barely miss the frilled lizard.
Your tail-slap misses the frilled lizard.
The frilled lizard barely misses you.
You hit the frilled lizard.
You kill the frilled lizard!
The endoplasm misses you. The endoplasm hits you.
You die...

#.#.P..P..♣.P.P.♣.#..
#.#.PPP....PP...P #..
#.#.♣PP.P.P .P♣P #.#
#.#
#######.##########
.................#
.###############.##
#@J# ######.#
#......##
###########.......#
.#.≈..≈....≈.......#
....)≈≈..≈≈.≈..#####
≈≈≈≈≈≈≈≈≈≈.≈≈≈≈≈≈≈#
≈≈≈≈≈≈≈≈≈≈≈≈≈≈≈≈###
..≈.≈≈.≈≈.≈....##


You could see an endoplasm.

Vanquished Creatures
  An endoplasm (D:1)
  A goblin (D:1)
  A kobold (D:1)
  3 frilled lizards (D:1)
  A rat (D:1)
7 creatures vanquished.

Vanquished Creatures (others)
  9 foxfires (D:1)
9 creatures vanquished.

Grand Total: 16 creatures vanquished

Notes
Turn   | Place    | Note
-------+----------+-------------------------------------------
     0 | D:1      | GigaChad the Draconian Fire Elementalist began the quest
                  | for the Orb.
     0 | D:1      | Reached XP level 1. HP: 14/14 MP: 3/3
   251 | D:1      | Slain by an endoplasm

Illustrated notes

Levels and vault maps discovered:
D:1:      minmay_arrival_arboretum_small, layout_basic,
          dreamdust_ecumenical_altar_drowned_temple,
          chequers_serial_rivers_small_3, patterned_corridor

Action                   || total
-------------------------++-------
Melee: Unarmed           ||     2
 Cast: Foxfire           ||     8
  Use: Scroll            ||     1
Armor: Skin              ||     3
Dodge: Dodged            ||    11
